% Time on Ice - SAN JOSE BRONCOS
Lines # - Real PCT - Wanted PCT - Time Play
Normal Forward
1 - 33% - 36% - 17:48
2 - 28% - 31% - 15:01
3 - 21% - 23% - 11:19
4 - 18% - 10% - 9:29
Normal Defense
1 - 34% - 36% - 18:06
2 - 32% - 31% - 17:03
3 - 30% - 23% - 16:09
4 - 4% - 10% - 2:19
PP Forward
1 - 61% - 55% - 2:26
2 - 39% - 45% - 1:32
PP Defense
1 - 54% - 55% - 2:08
2 - 46% - 45% - 1:50
PK Forward
1 - 60% - 55% - 1:27
2 - 40% - 45% - 0:58
PK Defense
1 - 47% - 55% - 1:08
2 - 53% - 45% - 1:17
PK3 Forward
1 - 0% - 55%
2 - 0% - 45%
PK3 Defense
1 - 0% - 55%
2 - 0% - 45%
44 Forward
1 - 0% - 55%
2 - 0% - 45%
44 Defense
1 - 0% - 55%
2 - 0% - 45%
Last Minute Offensive  - 0:00
Last Minute Defensive  - 0:00
Total
Forward - 60:00
Defense - 60:00
% Time on Ice - LONG BEACH BARACUDAS
Lines # - Real PCT - Wanted PCT - Time Play
Normal Forward
1 - 37% - 39% - 19:49
2 - 32% - 33% - 17:17
3 - 21% - 20% - 11:04
4 - 10% - 8% - 5:27
Normal Defense
1 - 35% - 36% - 18:38
2 - 33% - 31% - 17:38
3 - 25% - 23% - 13:13
4 - 8% - 10% - 4:08
PP Forward
1 - 50% - 52% - 1:12
2 - 50% - 48% - 1:13
PP Defense
1 - 50% - 52% - 1:13
2 - 50% - 48% - 1:12
PK Forward
1 - 63% - 55% - 2:31
2 - 37% - 45% - 1:27
PK Defense
1 - 48% - 55% - 1:55
2 - 52% - 45% - 2:03
PK3 Forward
1 - 0% - 55%
2 - 0% - 45%
PK3 Defense
1 - 0% - 55%
2 - 0% - 45%
44 Forward
1 - 0% - 55%
2 - 0% - 45%
44 Defense
1 - 0% - 55%
2 - 0% - 45%
Last Minute Offensive  - 0:00
Last Minute Defensive  - 0:00
Total
Forward - 60:00
Defense - 60:00
Play-by-Play 1st period 0:01 of 1st period - Oliver Bjorkstrand wins face-off versus William Karlsson in neutral zone. 0:20 of 1st period - Shot by William Karlsson. 0:20 of 1st period - Stopped by Garrett Metcalf with a rebound. 0:28 of 1st period - Shot by Sam Reinhart. 0:28 of 1st period - Stopped by Garrett Metcalf with a rebound. 0:46 of 1st period - Shot by William Karlsson. 0:46 of 1st period - Stopped by Garrett Metcalf without a rebound. 0:47 of 1st period - Ryan O'Reilly wins face-off versus Brayden Point in SAN JOSE BRONCOS zone. 1:16 of 1st period - Shot by Brock Boeser. 1:16 of 1st period - Stopped by Garrett Metcalf with a rebound. 1:26 of 1st period - Shot by Brayden Point. 1:26 of 1st period - Shot Blocked by Scott Harrington. 1:28 of 1st period - Shot by Jake Walman. 1:28 of 1st period - Stopped by Ukko-Pekka Luukkonen without a rebound. 1:29 of 1st period - Tyson Jost wins face-off versus Nico Hischier in LONG BEACH BARACUDAS zone. 1:46 of 1st period - Shot by Tyson Jost. 1:46 of 1st period - Stopped by Ukko-Pekka Luukkonen with a rebound. 1:48 of 1st period - Shot by Carl Grundstrom. 1:48 of 1st period - Shot Misses the Net. 1:50 of 1st period - Shot by Tyson Jost. 1:50 of 1st period - Shot Blocked by Nathan Beaulieu. 1:52 of 1st period - Shot by Timothy Liljegren. 1:52 of 1st period - Goal by Timothy Liljegren - SAN JOSE BRONCOS : 1 - LONG BEACH BARACUDAS : 0. 1:53 of 1st period - Ilya Usau wins face-off versus Derek Stepan in neutral zone. 2:16 of 1st period - Shot by Tom Wilson. 2:16 of 1st period - Stopped by Garrett Metcalf without a rebound. 2:17 of 1st period - William Karlsson wins face-off versus Clayton Keller in SAN JOSE BRONCOS zone. 2:32 of 1st period - Off-side. 2:33 of 1st period - Tyson Jost wins face-off versus Ryan O'Reilly in neutral zone. 3:39 of 1st period - Shot by Teuvo Teravainen. 3:39 of 1st period - Stopped by Garrett Metcalf with a rebound. 3:41 of 1st period - Shot by Connor Clifton. 3:41 of 1st period - Shot Misses the Net. 4:07 of 1st period - Shot by Teuvo Teravainen. 4:07 of 1st period - Deflect By Jaden Schwartz. 4:07 of 1st period - Stopped by Garrett Metcalf without a rebound. 4:08 of 1st period - William Karlsson wins face-off versus Brayden Point in SAN JOSE BRONCOS zone. 5:11 of 1st period - Shot by Seth Jarvis. 5:11 of 1st period - Stopped by Garrett Metcalf with a rebound. 5:13 of 1st period - Shot by Brock Boeser. 5:13 of 1st period - Shot Misses the Net. 5:15 of 1st period - Shot by Seth Jarvis. 5:15 of 1st period - Shot Blocked by Neal Pionk. 5:28 of 1st period - Seth Jarvis is hit by Jaccob Slavin and loses puck. 5:48 of 1st period - Icing by Brayden Point. 5:49 of 1st period - Brayden Point wins face-off versus Nico Hischier in SAN JOSE BRONCOS zone. 5:51 of 1st period - Icing by Cole Caufield. 5:52 of 1st period - William Karlsson wins face-off versus Brayden Point in SAN JOSE BRONCOS zone. 5:55 of 1st period - Shot by Sam Reinhart. 5:55 of 1st period - Shot Misses the Net. 5:57 of 1st period - Shot by William Karlsson. 5:57 of 1st period - Stopped by Garrett Metcalf without a rebound. 5:58 of 1st period - William Karlsson wins face-off versus Clayton Keller in SAN JOSE BRONCOS zone. 6:15 of 1st period - Shot by William Karlsson. 6:15 of 1st period - Stopped by Garrett Metcalf without a rebound. 6:16 of 1st period - Nico Hischier wins face-off versus Ilya Usau in SAN JOSE BRONCOS zone. 6:33 of 1st period - Shot by Nico Hischier. 6:33 of 1st period - Goal by Nico Hischier - SAN JOSE BRONCOS : 1 - LONG BEACH BARACUDAS : 1. 6:34 of 1st period - William Karlsson wins face-off versus Clayton Keller in neutral zone. 6:58 of 1st period - Shot by Clayton Keller. 6:58 of 1st period - Deflect By Jesper Bratt. 6:58 of 1st period - Shot Misses the Net. 7:12 of 1st period - Shot by Sam Reinhart. 7:12 of 1st period - Shot Blocked by Timothy Liljegren. 8:37 of 1st period - Jake Walman is hit by Ryan O'Reilly and loses puck. 9:16 of 1st period - Shot by Jaden Schwartz. 9:16 of 1st period - Goal by Jaden Schwartz - SAN JOSE BRONCOS : 1 - LONG BEACH BARACUDAS : 2. 9:17 of 1st period - Brayden Point wins face-off versus William Karlsson in neutral zone. 9:28 of 1st period - Brayden Point is hit by Torey Krug and loses puck. 9:37 of 1st period - Shot by Cole Caufield. 9:37 of 1st period - Deflect By Brayden Point. 9:37 of 1st period - Stopped by Ukko-Pekka Luukkonen without a rebound. 9:38 of 1st period - Nico Hischier wins face-off versus Clayton Keller in LONG BEACH BARACUDAS zone. 9:49 of 1st period - Shot by Jaden Schwartz. 9:49 of 1st period - Stopped by Garrett Metcalf without a rebound. 9:50 of 1st period - William Karlsson wins face-off versus Brayden Point in SAN JOSE BRONCOS zone. 9:52 of 1st period - Kyle Connor is hit by Timothy Liljegren and loses puck. 10:17 of 1st period - Shot by Brayden Point. 10:17 of 1st period - Shot Misses the Net. 10:19 of 1st period - Shot by Cole Caufield. 10:19 of 1st period - Stopped by Ukko-Pekka Luukkonen without a rebound. 10:20 of 1st period - Ryan O'Reilly wins face-off versus Clayton Keller in LONG BEACH BARACUDAS zone. 10:33 of 1st period - Shot by Oliver Bjorkstrand. 10:33 of 1st period - Shot Misses the Net. 10:39 of 1st period - Shot by Brock Boeser. 10:39 of 1st period - Shot Misses the Net. 11:48 of 1st period - Shot by Tyson Jost. 11:48 of 1st period - Shot Blocked by Sam Reinhart. 12:06 of 1st period - Jesse Puljujarvi is hit by Calvin De Haan and loses puck. 13:13 of 1st period - Shot by Jaden Schwartz. 13:13 of 1st period - Shot Blocked by Jaccob Slavin. 13:25 of 1st period - Shot by Teuvo Teravainen. 13:25 of 1st period - Goal by Teuvo Teravainen - SAN JOSE BRONCOS : 1 - LONG BEACH BARACUDAS : 3. 13:26 of 1st period - Derek Stepan wins face-off versus Clayton Keller in neutral zone. 14:15 of 1st period - Shot by Seth Jarvis. 14:15 of 1st period - Stopped by Garrett Metcalf without a rebound. 14:16 of 1st period - Teuvo Teravainen wins face-off versus Brayden Point in SAN JOSE BRONCOS zone. 14:28 of 1st period - Brayden Point is hit by Connor Clifton and loses puck. 15:00 of 1st period - Cole Caufield is hit by Connor Clifton and loses puck. 15:14 of 1st period - Minor Penalty to Teuvo Teravainen for Hooking. 15:15 of 1st period - Derek Stepan wins face-off versus Clayton Keller in LONG BEACH BARACUDAS zone. 15:32 of 1st period - Shot by Oliver Bjorkstrand. 15:32 of 1st period - Shot Misses the Net. 15:34 of 1st period - Shot by Adam Pelech. 15:34 of 1st period - Shot Blocked by Seth Jarvis. 15:36 of 1st period - Shot by Clayton Keller. 15:36 of 1st period - Shot Misses the Net. 15:38 of 1st period - Shot by Jake Walman. 15:38 of 1st period - Stopped by Ukko-Pekka Luukkonen with a rebound. 16:05 of 1st period - Off-side. 16:06 of 1st period - Ryan O'Reilly wins face-off versus Brayden Point in neutral zone. 16:17 of 1st period - Shot by Jaccob Slavin. 16:17 of 1st period - Shot Blocked by Nathan Beaulieu. 16:23 of 1st period - Shot by Brayden Point. 16:23 of 1st period - Shot Blocked by Connor Clifton. 16:25 of 1st period - Shot by Jesse Puljujarvi. 16:25 of 1st period - Shot Blocked by Connor Clifton. 16:33 of 1st period - Shot by Jaccob Slavin. 16:33 of 1st period - Stopped by Ukko-Pekka Luukkonen without a rebound. 16:34 of 1st period - Clayton Keller wins face-off versus Ryan O'Reilly in LONG BEACH BARACUDAS zone. 16:56 of 1st period - Icing by Jaccob Slavin. 16:57 of 1st period - Derek Stepan wins face-off versus Clayton Keller in SAN JOSE BRONCOS zone. 16:58 of 1st period - Shot by Seth Jarvis. 16:58 of 1st period - Stopped by Garrett Metcalf with a rebound. 17:11 of 1st period - Off-side. 17:12 of 1st period - Derek Stepan wins face-off versus Brayden Point in neutral zone. 17:25 of 1st period - Shot by Brett Leason. 17:25 of 1st period - Stopped by Ukko-Pekka Luukkonen without a rebound. 17:26 of 1st period - Brayden Point wins face-off versus Kyle Connor in LONG BEACH BARACUDAS zone. 17:50 of 1st period - Shot by Kyle Connor. 17:50 of 1st period - Shot Misses the Net. 18:38 of 1st period - Shot by Tyson Jost. 18:38 of 1st period - Stopped by Ukko-Pekka Luukkonen without a rebound. 18:39 of 1st period - Clayton Keller wins face-off versus Ryan O'Reilly in LONG BEACH BARACUDAS zone. 18:44 of 1st period - Shot by Clayton Keller. 18:44 of 1st period - Deflect By Jesper Bratt. 18:44 of 1st period - Shot Blocked by Scott Harrington. 18:46 of 1st period - Shot by Oliver Bjorkstrand. 18:46 of 1st period - Shot Misses the Net. 19:20 of 1st period - Brock Boeser is hit by Ville Ottavainen and loses puck. 19:57 of 1st period - Shot by Teuvo Teravainen. 19:57 of 1st period - Deflect By Nico Hischier. 19:57 of 1st period - Shot Blocked by Neal Pionk. Goals for this period are 1 for SAN JOSE BRONCOS vs 3 for LONG BEACH BARACUDAS. Shots for this period are 9 for SAN JOSE BRONCOS vs 16 for LONG BEACH BARACUDAS. 2nd period 0:01 of 2nd period - Oliver Bjorkstrand wins face-off versus William Karlsson in neutral zone. 0:33 of 2nd period - Shot by Sam Reinhart. 0:33 of 2nd period - Goal by Sam Reinhart - SAN JOSE BRONCOS : 1 - LONG BEACH BARACUDAS : 4. 0:33 of 2nd period - Jaxson Stauber enters game. 0:34 of 2nd period - Ryan O'Reilly wins face-off versus Brayden Point in neutral zone. 0:51 of 2nd period - Shot by Brayden Point. 0:51 of 2nd period - Shot Blocked by Nathan Beaulieu. 0:53 of 2nd period - Shot by Jake Walman. 0:53 of 2nd period - Goal by Jake Walman - SAN JOSE BRONCOS : 2 - LONG BEACH BARACUDAS : 4. 0:54 of 2nd period - Nico Hischier wins face-off versus Tyson Jost in neutral zone. 1:03 of 2nd period - Shot by Teuvo Teravainen. 1:03 of 2nd period - Stopped by Jaxson Stauber without a rebound. 1:04 of 2nd period - Ryan O'Reilly wins face-off versus Jesper Bratt in SAN JOSE BRONCOS zone. 1:13 of 2nd period - Shot by Jesper Bratt. 1:13 of 2nd period - Shot Misses the Net. 1:15 of 2nd period - Shot by Jesper Bratt. 1:15 of 2nd period - Stopped by Ukko-Pekka Luukkonen with a rebound. 1:36 of 2nd period - Shot by Brock Boeser. 1:36 of 2nd period - Shot Misses the Net. 2:16 of 2nd period - Shot by William Karlsson. 2:16 of 2nd period - Stopped by Jaxson Stauber without a rebound. 2:17 of 2nd period - Nico Hischier wins face-off versus Brayden Point in SAN JOSE BRONCOS zone. 2:18 of 2nd period - Shot by Teuvo Teravainen. 2:18 of 2nd period - Shot Misses the Net. 2:27 of 2nd period - Minor Penalty to Adam Pelech for Hooking. 2:28 of 2nd period - Kyle Connor wins face-off versus Clayton Keller in SAN JOSE BRONCOS zone. 2:41 of 2nd period - Shot by Sam Reinhart. 2:41 of 2nd period - Shot Blocked by Jake Walman. 2:43 of 2nd period - Shot by Calvin De Haan. 2:43 of 2nd period - Stopped by Jaxson Stauber without a rebound. 2:44 of 2nd period - William Karlsson wins face-off versus Oliver Bjorkstrand in SAN JOSE BRONCOS zone. 3:44 of 2nd period - Shot by Nico Hischier. 3:44 of 2nd period - Stopped by Jaxson Stauber without a rebound. 3:45 of 2nd period - Nico Hischier wins face-off versus Oliver Bjorkstrand in SAN JOSE BRONCOS zone. 3:49 of 2nd period - Sam Reinhart is hit by Ville Ottavainen and loses puck. 3:53 of 2nd period - Nico Hischier is hit by Neal Pionk and loses puck. 4:58 of 2nd period - Off-side. 4:59 of 2nd period - Ryan O'Reilly wins face-off versus Tyson Jost in neutral zone. 5:02 of 2nd period - Shot by Brock Boeser. 5:02 of 2nd period - Deflect By Seth Jarvis. 5:02 of 2nd period - Stopped by Jaxson Stauber without a rebound. 5:03 of 2nd period - Ryan O'Reilly wins face-off versus Carl Grundstrom in SAN JOSE BRONCOS zone. 5:04 of 2